 Dungeon Crawl Stone Soup version 0.25-a0-294-gea9b1ad378 (webtiles) character file.

Game seed: 8773102961477041977, levelgen mode: deterministic

212900 pwrx the Hoplite (level 18, -8/117 HPs)
             Began as a Gargoyle Fighter on Dec 16, 2019.
             Was the Champion of Qazlal.
             Killed by the raging water
             ... invoked by a water nymph
              (20 damage)
             ... on level 3 of the Shoals on Dec 17, 2019.
             The game lasted 03:56:33 (34836 turns).

pwrx the Hoplite (Gargoyle Fighter)                Turns: 34836, Time: 03:56:33

Health: -8/117     AC: 45    Str: 32    XL:     18   Next: 94%
Magic:  22/22      EV:  8    Int:  7    God:    Qazlal [******]
Gold:   1733       SH: 40    Dex:  9    Spells: 17/17 levels left

rFire    + + +     SeeInvis .   u - +8 eveningstar (drain)
rCold    + + .     Gourm    .   s - +7 large shield
rNeg     + + .     Faith    +   H - +5 plate armour {rF+}
rPois    ∞         Spirit   .   d - +1 hat of the Saviour {rF+ rN+ Int-3}
rElec    +         Reflect  .   U - scarf {rC+ rF+}
rCorr    +         Harm     .   z - +0 pair of gloves
MR       +....                  O - +1 pair of boots
Stlth    ..........             b - amulet of faith
HPRegen  0.29/turn              B - ring of protection from cold
MPRegen  0.18/turn              T - ring of resist corrosion

@: mighty, protected from physical damage, flying, repel missiles
A: big wings, horns 1, yellow scales 1, fire resistance 1, low mp 1, negative
energy resistance 1, screaming 1, electricity resistance, unbreathing,
petrification resistance, rot immunity, AC +13
}: 1/15 runes: serpentine
a: Stop Flying, Upheaval, Elemental Force, Disaster Area, Renounce Religion


You were on level 3 of the Shoals.
You worshipped Qazlal.
Qazlal was exalted by your worship.
You were very hungry.

You visited 6 branches of the dungeon, and saw 30 of its levels.

You collected 2804 gold pieces.
You spent 1071 gold pieces at shops.

Inventory:

Hand Weapons
 u - a +8 eveningstar of draining (weapon)
Missiles
 o - 7 boomerangs of dispersal
 S - 45 poisoned darts (quivered)
Armour
 d - the +1 hat of the Saviour (worn) {rF+ rN+ Int-3}
   (You acquired it on level 14 of the Dungeon)

   It affects your intelligence (-3).
   It protects you from fire.
   It protects you from negative energy.
 s - a +7 large shield (worn)
 z - a +0 pair of gloves (worn)
 H - a +5 plate armour of fire resistance (worn)
 O - a +1 pair of boots (worn)
 U - a scarf of resistance (worn)
Jewellery
 b - an amulet of faith (around neck)
 g - an uncursed ring of protection from fire
 q - the ring "Miept" {Ice +Inv rN+ Str-4 Dex+6}
   (You found it on level 2 of the Snake Pit)

   [ring of ice]

   It enhances your ice magic.
   It affects your strength (-4).
   It affects your dexterity (+6).
   It makes you vulnerable to fire.
   It protects you from cold.
   It protects you from negative energy.
   It lets you turn invisible.
 B - a ring of protection from cold (left hand)
 C - the ring of the Marlin {+Fly rPois}
   (You found it on level 2 of the Snake Pit)

   [ring of flight]

   It protects you from poison.
   It lets you fly.
 N - a +3 ring of evasion
 R - an uncursed ring of positive energy
 T - a ring of resist corrosion (right hand)
Wands
 t - a wand of acid (5)
 w - a wand of iceblast (3)
 A - a wand of polymorph (13)
 D - a wand of clouds (4)
 G - a wand of digging (9)
 I - a wand of enslavement (13)
 M - a wand of random effects (46)
 V - a wand of flame (16)
 W - a wand of disintegration (15)
Scrolls
 a - 4 scrolls of magic mapping
 e - 12 scrolls of remove curse
 h - 9 scrolls of teleportation
 i - 3 scrolls of blinking
 l - 7 scrolls of identify
 p - 3 scrolls of fear
 r - a scroll of amnesia
 v - 3 scrolls of fog
 y - 2 scrolls of silence
 L - a scroll of summoning
Potions
 m - 6 potions of haste
 n - 5 potions of might
 x - 20 potions of curing
 E - 2 potions of agility
 F - 4 potions of mutation
 J - 2 potions of lignification
 P - 2 potions of brilliance
 X - 2 potions of resistance
Miscellaneous
 c - a phantom mirror
 K - a phial of floods
Comestibles
 f - 38 rations


   Skills:
 * Level 14.4 Fighting
 - Level 16.0 Maces & Flails
 * Level 14.3 Armour
 + Level 21.7 Shields
 - Level 10.0 Invocations


You had 17 spell levels left.
You didn't know any spells.
Your spell library contained the following spells:

 Spells                   Type           Power        Failure   Level  Hunger
 Foxfire                  Conj/Fire      #...         98%         1    ##.....
 Magic Dart               Conj           #...         98%         1    ##.....
 Sandblast                Erth           #.....       98%         1    ##.....
 Sting                    Tmut/Pois      #...         98%         1    ##.....
 Blink                    Tloc           N/A          99%         2    ###....
 Call Imp                 Summ           #.......     99%         2    ###....
 Poisonous Vapours        Pois/Air       #.....       99%         2    ###....
 Searing Ray              Conj           #.....       99%         2    ###....
 Slow                     Hex            #.......     99%         2    ###....
 Sticks to Snakes         Tmut           #.......     99%         2    ###....
 Conjure Flame            Conj/Fire      #.......     100%        3    ####...
 Dazzling Flash           Conj/Hex       #.....       100%        3    ####...
 Ignite Poison            Fire/Tmut/Pois #.......     100%        3    ####...
 Inner Flame              Hex/Fire       #.......     100%        3    ####...
 Mephitic Cloud           Conj/Pois/Air  #.......     100%        3    ####...
 Static Discharge         Conj/Air       #.......     100%        3    ####...
 Stone Arrow              Conj/Erth      #.....       100%        3    ####...
 Fulminant Prism          Conj/Hex       #.........   100%        4    #####..
 Iskenderun's Mystic Bla  Conj/Tloc      #.......     100%        4    #####..
 Olgreb's Toxic Radiance  Pois           #.......     100%        4    #####..
 Petrify                  Tmut/Erth      #.......     100%        4    #####..
 Sticky Flame             Conj/Fire      #.......     100%        4    #####..
 Summon Lightning Spire   Summ/Air       #.......     100%        4    #####..
 Fireball                 Conj/Fire      #.........   100%        5    ######.
 Eringya's Noxious Bog    Tmut/Pois      #.........   100%        6    #######
 Tornado                  Air            #.........   100%        9    #######
 Statue Form              Tmut/Erth      Unusable     N/A         6    N/A

Dungeon Overview and Level Annotations

Branches:
Dungeon (15/15)            Temple (1/1) D:4            Lair (5/6) D:11
 Shoals (3/4) Lair:2        Snake (4/4) Lair:3        Slime (0/5) Lair:5
    Orc (2/2) D:11            Elf (0/3) Orc:2        Vaults (0/5) D:14
 Depths (0/5) D:15

Altars:
Ashenzari
Cheibriados
Dithmenos
Elyvilon
Fedhas
Gozag
Hepliaklqana
Kikubaaqudgha
Makhleb
Nemelex Xobeh
Okawaru
Qazlal
Ru
Sif Muna
Trog
Uskayaw
Vehumet
Wu Jian
Xom
Yredelemnul
Zin
The Shining One
Beogh
Jiyva

Shops:
D:5 !   D:11 (   Orc:2 ?%}[(   Snake:1 **   Snake:4 =*!(

Portals:
Pandemonium: Orc:2

Annotations:
Lair:4 exclusion: oklob plant


Innate Abilities, Weirdness & Mutations

You are resistant to torment.
Your stone body is resilient. (AC +13)
You are immune to poison.
Your large and strong wings let you fly indefinitely.
You resist negative energy. (rN+)
You are resistant to electric shocks. (rElec)
You can survive without breathing.
You are immune to petrification.
You are immune to rotting.
You have a pair of small horns on your head.
You are partially covered in yellow scales. (AC +2)
Your flesh is heat resistant. (rF+)
Your magical capacity is low. (-10% MP)
You occasionally shout uncontrollably at your foes.


Message History

The alligator snapping turtle is severely wounded.
You hear a screech!
A water elemental comes into view.
You puncture the alligator snapping turtle!
You headbutt the alligator snapping turtle!
The alligator snapping turtle is almost dead.
The water nymph points at you and mumbles some strange words.
The water rises up and strikes you.
You block the alligator snapping turtle's attack.
You hit the alligator snapping turtle.
The alligator snapping turtle is almost dead.
The water nymph casts a spell at you. The water rises up and strikes you!!
* * * LOW HITPOINT WARNING * * *
You impale the alligator snapping turtle!!
You kill the alligator snapping turtle!
Qazlal accepts your kill.
The water nymph gestures at you while chanting.
The water rises up and strikes you!!
You die...

≈≈≈≈≈≈≈PPP≈PPP≈≈≈.
≈≈≈≈≈≈≈≈≈≈≈≈≈≈≈≈≈≈
≈≈≈≈≈≈≈≈≈≈≈≈≈≈≈≈≈≈
≈≈≈≈≈E≈≈≈≈≈≈≈≈≈≈≈≈
≈≈≈≈≈≈≈≈≈≈≈≈≈≈≈≈≈≈
≈≈≈≈≈≈≈≈≈○≈○≈≈≈≈≈≈
≈≈≈≈≈≈≈≈≈≈≈≈≈≈≈≈≈≈
≈≈≈≈≈≈≈§°@≈°≈≈≈≈≈≈
≈≈≈≈≈≈≈§m§≈≈≈≈≈≈≈≈
≈≈≈≈≈≈≈≈≈§≈≈≈≈≈≈≈≈
≈≈≈≈≈≈≈≈≈≈≈≈≈≈≈≈≈≈
≈≈≈≈≈≈≈≈≈≈≈≈≈≈≈≈≈≈
≈≈≈≈≈≈≈≈≈≈≈≈≈≈≈≈≈≈
≈≈≈≈≈≈≈≈≈≈≈≈≈≈≈≈≈≈
##################


You could see a water elemental and a water nymph.

Vanquished Creatures
  Mara (Snake:3)
  Frances (Shoals:1)
  The ghost of emiel the Bludgeoner, an adept OgWn of Okawaru (Snake:1)
  Roxanne (Shoals:2)
  Donald (Shoals:2)
  Kirke (Snake:3)
  The ghost of Ofuus the Hand of Fortune, an adept DsFi of Nemelex Xobeh (Shoals:1)
  9 nagarajas
  2 orc warlords (Orc:1)
  Louise (D:15)
  Aizul (Snake:3)
  An ironheart preserver (D:14)
  An ettin (D:15)
  A merfolk javelineer (Shoals:1)
  Harold (D:7)
  A centaur warrior (D:15)
  7 hydras
  12 naga warriors
  2 alligator snapping turtles
  Erica (Orc:1)
  A merfolk avatar (Shoals:1)
  An ogre mage (D:15)
  24 anacondas
  10 two-headed ogres
  14 naga sharpshooters
  A tengu warrior (D:15)
  Urug (Lair:2)
  9 orc high priests
  11 shock serpents
  The ghost of grouchysmurf the Cleaver, a novice HOAK of Lugonu (D:8)
  5 salamander mystics
  3 skeletal warriors
  2 gelid demonspawn (Orc:2)
  A deep troll (D:14)
  5 sea snakes
  A swamp dragon (shapeshifter) (D:13)
  An unseen horror (D:14)
  5 lindwurms
  6 naga ritualists
  An obsidian statue (Snake:1)
  8 harpies
  8 orc knights
  7 mana vipers
  6 orc sorcerers
  2 fauns
  6 ugly things
  6 cyclopes
  12 salamanders
  4 guardian serpents
  11 elephants
  14 manticores
  38 black mambas
  Maurice (D:12)
  5 water nymphs
  3 merfolk sirens
  A rust devil (Orc:2)
  22 naga magi
  7 spiny frogs
  8 centaur zombies
  A gargoyle (D:13)
  2 orange demons (Orc:2)
  6 centaur skeletons
  2 rime drakes (Lair:4)
  An ice devil (Orc:2)
  2 tengu conjurers (D:15)
  8 komodo dragons
  8 merfolk
  7 trolls
  A polar bear (Lair:3)
  2 harpy zombies (Shoals:3)
  2 hornets
  A wind drake (Shoals:1)
  5 slime creatures (D:14)
  5 blink frogs (Lair:2)
  8 dream sheep
  13 hippogriffs
  A snapping turtle (Shoals:2)
  8 water elementals
  A shadow (D:14)
  A vampire (D:13)
  17 yaks
  A ynoxinul (Orc:2)
  2 wraiths (D:14)
  2 hogs (Snake:3)
  4 wyverns
  3 basilisks
  A chaos spawn (Orc:2)
  2 hungry ghosts
  Edmund (D:4)
  2 wargs (Orc:1)
  A steam dragon (D:11)
  7 vampire mosquitoes
  41 nagas
  3 acid dragons
  10 water moccasins
  10 porcupines
  38 orc warriors
  2 phantoms
  3 sky beasts
  2 eyes of draining (D:3)
  3 black bears
  2 necrophages
  5 ice beasts
  16 centaurs
  6 wolves
  9 ogres
  9 crocodiles
  2 big kobolds
  31 bullfrogs
  A gnoll sergeant (Orc:1)
  A wyvern skeleton (D:11)
  3 scorpions
  9 killer bees
  8 howler monkeys
  4 electric eels (D:10)
  10 crimson imps
  4 bullfrog zombies
  7 hounds
  8 jellies
  32 orc priests
  3 bullfrog skeletons
  2 iguanas
  34 orc wizards
  5 worker ants
  2 hound skeletons (D:6)
  8 gnolls
  2 howler monkey skeletons
  20 adders
  2 shadow imps
  19 oozes
  2 adder skeletons
  An adder zombie (D:8)
  2 worms
  3 dart slugs
  8 leopard geckos
  100 orcs
  6 bats
  7 giant cockroaches
  7 goblins
  7 hobgoblins
  17 jackals
  2 quokkas
  2 frilled lizards
  A jackal zombie (D:7)
  16 kobolds
  8 rats
  A plant (Shoals:3)
1013 creatures vanquished.

Vanquished Creatures (collateral kills)
  A death knight (D:15)
1 creature vanquished.

Vanquished Creatures (others)
  A salamander mystic (Snake:4)
  A harpy zombie (Shoals:3)
  A naga (Snake:2)
  An orc (Orc:2)
  6 fungi
  16 plants
26 creatures vanquished.

Grand Total: 1040 creatures vanquished

Notes
Turn   | Place    | Note
-------+----------+-------------------------------------------
     0 | D:1      | pwrx the Gargoyle Fighter began the quest for the Orb.
     0 | D:1      | Reached XP level 1. HP: 14/14 MP: 1/1
    48 | D:1      | Reached XP level 2. HP: 19/19 MP: 2/2
   340 | D:1      | Reached XP level 3. HP: 23/23 MP: 3/3
  1168 | D:2      | Reached XP level 4. HP: 22/29 MP: 4/4
  1529 | D:2      | Found an opulent altar of Gozag.
  1878 | D:2      | You fall into a shaft and drop 2 floors!
  1886 | D:4      | Reached skill level 4 in Shields
  1901 | D:4      | Reached XP level 5. HP: 24/33 MP: 5/5
  2061 | D:4      | Found a staircase to the Ecumenical Temple.
  2066 | Temple   | Entered the Ecumenical Temple
  2127 | Temple   | Became a worshipper of Qazlal Stormbringer
  2224 | D:4      | Noticed Edmund
  2236 | D:4      | Killed Edmund
  2236 | D:4      | Reached XP level 6. HP: 21/39 MP: 6/6
  2677 | D:2      | Found a radiant altar of Vehumet.
  2929 | D:3      | Reached XP level 7. HP: 43/44 MP: 7/7
  2982 | D:3      | HP: 1/44 [orc priest/divine providence (13)]
  3441 | D:3      | Reached * piety under Qazlal
  3623 | D:3      | Reached skill level 5 in Maces & Flails
  3900 | D:3      | Found a bloodstained altar of Trog.
  3915 | D:3      | Reached skill level 5 in Fighting
  3915 | D:3      | Reached skill level 5 in Armour
  3915 | D:3      | Reached skill level 5 in Shields
  4181 | D:4      | Reached XP level 8. HP: 49/49 MP: 8/8
  4584 | D:5      | Entered Level 5 of the Dungeon
  4728 | D:5      | Found Sirigh's Distillery.
  4735 | D:5      | Bought a potion of heal wounds for 60 gold pieces
  4735 | D:5      | Bought a potion of might for 48 gold pieces
  4842 | D:5      | Found a stormy altar of Qazlal.
  4899 | D:5      | Noticed a +0 dagger
  4899 | D:5      | Noticed a +0 dagger
  4917 | D:5      | Found a hide-covered altar of Uskayaw.
  5258 | D:5      | Found an ornate altar of the Wu Jian Council.
  5452 | D:6      | Reached skill level 6 in Shields
  5502 | D:6      | Reached ** piety under Qazlal
  5644 | D:6      | Reached XP level 9. HP: 56/56 MP: 9/9
  5912 | D:6      | Found a shadowy altar of Dithmenos.
  6602 | D:7      | Noticed Harold
  6627 | D:7      | Killed Harold
  6627 | D:7      | Reached skill level 7 in Shields
  6766 | D:7      | Found an iron altar of Okawaru.
  6870 | D:7      | Found a snail-covered altar of Cheibriados.
  6936 | D:7      | Reached XP level 10. HP: 49/63 MP: 10/10
  7035 | D:7      | Found a glowing silver altar of Zin.
  7458 | D:8      | Found a shimmering altar of Xom.
  7458 | D:8      | Found a shimmering altar of Xom.
  7459 | D:8      | Found a shimmering altar of Xom.
  7459 | D:8      | Found a shimmering altar of Xom.
  7460 | D:8      | Found a shimmering altar of Xom.
  7460 | D:8      | Found a shimmering altar of Xom.
  7460 | D:8      | Found a shimmering altar of Xom.
  7461 | D:8      | Found a shimmering altar of Xom.
  7809 | D:8      | Reached *** piety under Qazlal
  7821 | D:8      | Found a runed translucent door.
  7821 | D:8      | Noticed grouchysmurf's ghost (novice HOAK)
  7912 | D:8      | Killed grouchysmurf's ghost
  7912 | D:8      | Reached skill level 8 in Shields
  7912 | D:8      | Reached skill level 1 in Invocations
  7929 | D:8      | Noticed a harpy
  7930 | D:8      | Noticed a two-headed ogre
  8295 | D:8      | Reached skill level 9 in Shields
  8295 | D:8      | Reached XP level 11. HP: 71/71 MP: 10/14
  8681 | D:9      | Noticed a two-headed ogre
  8696 | D:9      | Killed a two-headed ogre
  8963 | D:9      | Reached skill level 5 in Invocations
  9283 | D:10     | Entered Level 10 of the Dungeon
  9640 | D:10     | Noticed a two-headed ogre
  9650 | D:10     | Killed a two-headed ogre
  9650 | D:10     | Reached XP level 12. HP: 54/77 MP: 14/16
 10563 | D:11     | Found a staircase to the Orcish Mines.
 10563 | D:11     | Found Zagh's Weapon Emporium.
 10573 | D:11     | Reached **** piety under Qazlal
 10883 | D:11     | Reached skill level 10 in Fighting
 10925 | D:11     | Found a blossoming altar of Fedhas.
 11122 | D:11     | Reached skill level 10 in Shields
 11241 | D:11     | Noticed a two-headed ogre
 11265 | D:11     | Killed a two-headed ogre
 11265 | D:11     | Reached skill level 10 in Armour
 11573 | D:11     | Found a staircase to the Lair.
 11637 | Lair:1   | Entered Level 1 of the Lair of Beasts
 12457 | Lair:2   | Noticed a six-headed hydra
 12491 | Lair:1   | Killed a six-headed hydra
 12523 | Lair:2   | Found a staircase to the Shoals.
 12567 | Lair:2   | Reached XP level 13. HP: 83/83 MP: 18/18
 12751 | Lair:2   | Reached ***** piety under Qazlal
 13031 | Lair:2   | Noticed Urug
 13047 | Lair:2   | Killed Urug
 13077 | Lair:2   | Reached skill level 11 in Shields
 13435 | Lair:2   | Identified Pedapytu's Reference Book on the Rocks and
                  | Weightlessness
 13640 | Lair:3   | Identified the Compendium of Transformation and Poisoning
 14020 | Lair:3   | Found a staircase to the Snake Pit.
 16127 | Lair:5   | Gained mutation: Your large and strong wings let you fly
                  | indefinitely. [Gargoyle growth]
 16127 | Lair:5   | Reached XP level 14. HP: 90/90 MP: 20/20
 16419 | Lair:5   | Found a viscous altar of Jiyva.
 16419 | Lair:5   | Found a staircase to the Slime Pits.
 17253 | D:12     | Noticed Maurice
 17256 | D:12     | Killed Maurice
 17486 | D:12     | Reached ****** piety under Qazlal
 17881 | D:13     | Reached skill level 12 in Shields
 19484 | D:14     | Noticed an ironheart preserver
 19498 | D:14     | Killed an ironheart preserver
 19669 | D:14     | Found a gate to the Vaults.
 19719 | D:14     | Found a sacrificial altar of Ru.
 20209 | D:15     | Entered Level 15 of the Dungeon
 20342 | D:15     | Reached XP level 15. HP: 67/97 MP: 22/22
 20728 | D:15     | Reached skill level 13 in Shields
 21105 | D:14     | Reached skill level 10 in Invocations
 21623 | D:15     | Noticed Louise
 21643 | D:15     | Killed Louise
 21883 | D:14     | Identified a scroll of acquirement
 21888 | D:14     | Got a spiked hat
 21894 | D:14     | Identified the +1 hat of the Saviour {rF+ rN+ Int-3} (You
                  | acquired it on level 14 of the Dungeon)
 22232 | D:15     | Found a staircase to the Depths.
 22417 | Orc:1    | Entered Level 1 of the Orcish Mines
 22553 | Orc:1    | Found a roughly hewn altar of Beogh.
 22553 | Orc:1    | Found a transporter.
 22556 | Orc:1    | Noticed an orc warlord
 22722 | Orc:1    | Found a transporter.
 22730 | Orc:1    | Noticed an orc warlord
 22918 | Orc:2    | Entered Level 2 of the Orcish Mines
 22918 | Orc:2    | Found Xuimisuh's Weapon Boutique.
 22918 | Orc:2    | Found a staircase to the Elven Halls.
 23742 | Orc:2    | Found Taubeura's Magic Scroll Shoppe.
 23866 | Orc:2    | Reached skill level 15 in Maces & Flails
 24279 | Orc:2    | Found Jauthi's Food Emporium.
 24832 | Orc:2    | Paralysed by an orc sorcerer for 7 turns
 25357 | Orc:2    | Gained mutation: You tend to lose your temper in combat. [a
                  | neqoxec]
 25360 | Orc:2    | Gained mutation: You are frail. (-10% HP) [a neqoxec]
 25363 | Orc:2    | Gained mutation: Your body sometimes deteriorates upon
                  | taking damage. [a neqoxec]
 25364 | Orc:2    | Gained mutation: You are dopey. (Int -2) [a neqoxec]
 25420 | Orc:2    | Lost mutation: Your body sometimes deteriorates upon taking
                  | damage. [potion of mutation]
 25420 | Orc:2    | Lost mutation: You are frail. (-10% HP) [potion of
                  | mutation]
 25420 | Orc:2    | Lost mutation: You are dopey. (Int -2) [potion of mutation]
 25420 | Orc:2    | Lost mutation: You tend to lose your temper in combat.
                  | [potion of mutation]
 25420 | Orc:2    | Gained mutation: Armour fits poorly on your strangely
                  | shaped body. [potion of mutation]
 25420 | Orc:2    | Gained mutation: Your flesh is heat resistant. (rF+)
                  | [potion of mutation]
 25420 | Orc:2    | Gained mutation: You are partially covered in yellow
                  | scales. (AC +2) [potion of mutation]
 25420 | Orc:2    | Gained mutation: You are agile. (Dex +2) [potion of
                  | mutation]
 25514 | Orc:2    | Found Kiech's Gadget Boutique.
 25514 | Orc:2    | Found a one-way gate leading to the halls of Pandemonium.
 25514 | Orc:2    | Found Neth's Antique Armour Shop.
 25683 | Orc:2    | Bought a scroll of brand weapon for 260 gold pieces
 25785 | Orc:1    | Noticed Erica
 25791 | Orc:1    | Killed Erica
 26228 | Orc:1    | Killed an orc warlord
 26249 | Orc:1    | Killed an orc warlord
 26539 | Orc:1    | Reached skill level 14 in Shields
 26539 | Orc:1    | Reached XP level 16. HP: 86/104 MP: 23/23
 27124 | Snake:1  | Entered Level 1 of the Snake Pit
 27145 | Snake:1  | Identified the +1 robe of Mucaet {rN+}
 27529 | Snake:1  | Reached skill level 15 in Shields
 27701 | Snake:1  | Found a runed translucent gate.
 27701 | Snake:1  | Found a runed translucent gate.
 27701 | Snake:1  | Found a runed translucent gate.
 27702 | Snake:1  | Found an opulent altar of Gozag.
 27702 | Snake:1  | Found Asuvaol's Assorted Antiques.
 27716 | Snake:1  | Noticed a nagaraja
 27717 | Snake:1  | Noticed emiel's ghost (adept OgWn)
 27718 | Snake:1  | Found Eshaenus's Assorted Antiques.
 28509 | Snake:2  | Reached skill level 16 in Shields
 28669 | Snake:2  | Found a transporter.
 28837 | Snake:2  | Found a transporter.
 29060 | Snake:2  | Noticed a nagaraja
 29062 | Snake:2  | Gained mutation: You occasionally shout uncontrollably at
                  | your foes. [the power of Zot]
 29066 | Snake:2  | Paralysed by the power of Zot for 4 turns
 29082 | Snake:2  | Killed a nagaraja
 29172 | Snake:2  | Reached skill level 17 in Shields
 29355 | Snake:2  | Got a slimy turquoise ring
 29374 | Snake:2  | Got a warped platinum ring
 29380 | Snake:2  | Identified the ring "Miept" {Ice +Inv rN+ Str-4 Dex+6} (You
                  | found it on level 2 of the Snake Pit)
 29382 | Snake:2  | Identified the ring of the Marlin {+Fly rPois} (You found
                  | it on level 2 of the Snake Pit)
 29460 | Snake:3  | Noticed Aizul
 29474 | Snake:3  | Killed Aizul
 29550 | Snake:3  | Noticed Mara
 29552 | Snake:3  | Noticed pwrx's illusion
 29616 | Snake:3  | Killed Mara
 29616 | Snake:3  | Reached skill level 18 in Shields
 29616 | Snake:3  | Reached XP level 17. HP: 72/109 MP: 24/24
 30095 | Snake:3  | Noticed Kirke
 30108 | Snake:3  | Killed Kirke
 30347 | Snake:4  | Entered Level 4 of the Snake Pit
 30622 | Snake:4  | Reached skill level 19 in Shields
 30724 | Snake:4  | Found Etockar's Assorted Antiques.
 30824 | Snake:4  | Found Liloaf's Antique Weapon Shop.
 30877 | Snake:4  | Found Terches's Distillery.
 30882 | Snake:4  | Bought a potion of might for 68 gold pieces
 30882 | Snake:4  | Bought a potion of curing for 51 gold pieces
 30992 | Snake:4  | Reached skill level 20 in Shields
 31319 | Snake:4  | Found Reyghego's Jewellery Boutique.
 31603 | Snake:4  | Reached XP level 18. HP: 95/114 MP: 25/25
 32003 | Snake:4  | Reached skill level 21 in Shields
 32289 | Snake:4  | Got a serpentine rune of Zot
 32329 | Snake:4  | Lost mutation: Armour fits poorly on your strangely shaped
                  | body. [potion of mutation]
 32329 | Snake:4  | Lost mutation: You are agile. (Dex +2) [potion of mutation]
 32329 | Snake:4  | Gained mutation: You have large cloven feet. [potion of
                  | mutation]
 32329 | Snake:4  | Gained mutation: Your magical capacity is low. (-10% MP)
                  | [potion of mutation]
 32329 | Snake:4  | Lost mutation: You have large cloven feet. [potion of
                  | mutation]
 32329 | Snake:4  | Gained mutation: You have a pair of small horns on your
                  | head. [potion of mutation]
 32559 | Snake:1  | Killed emiel's ghost
 32785 | Snake:1  | Bought 2 potions of heal wounds for 200 gold pieces
 32785 | Snake:1  | Bought a dented golden amulet for 100 gold pieces
 32785 | Snake:1  | Bought a scroll of teleportation for 60 gold pieces
 32792 | Snake:1  | Bought a smoking garnet amulet for 140 gold pieces
 32792 | Snake:1  | Bought a scroll of teleportation for 84 gold pieces
 32792 | Snake:1  | Identified the amulet "Gatramn" {Acrobat MP+9 Str+2} (You
                  | bought it in a shop on level 1 of the Snake Pit)
 32888 | Shoals:1 | Entered Level 1 of the Shoals
 32892 | Shoals:1 | Noticed Ofuus's ghost (adept DsFi)
 32892 | Shoals:1 | Noticed Frances
 32906 | Shoals:1 | Killed Frances
 33000 | Shoals:1 | Found a runed translucent gate.
 33001 | Shoals:1 | Found a runed translucent gate.
 33002 | Shoals:1 | Found a runed translucent gate.
 33766 | Shoals:1 | Killed Ofuus's ghost
 34078 | Shoals:2 | Noticed Donald
 34088 | Shoals:2 | Killed Donald
 34703 | Shoals:2 | Identified Roxanne's Tome of Shape Shifting
 34703 | Shoals:2 | Noticed Roxanne
 34722 | Shoals:2 | Killed Roxanne
 34836 | Shoals:3 | Killed from afar by a water nymph

Levels and vault maps discovered:
D:1:      matt_arrival_debris, layout_basic, st_stairs_10,
          hangedman_decor_growths
D:2:      layout_basic, vehumet_crystals, nicolae_gozag_seed_capital,
          first_ration
D:3:      layout_basic, trog_eyes_of_draining
D:4:      layout_loops_cross, temple_doors_e, uniq_edmund
D:5:      layout_basic, dancing_weapons_uskayaw, kennysheep_mini, serial_shops,
          shop, serial_glass, glass_columns_a, glass_columns_a, basic_altar,
          minmay_ruined_shrine, uniq_grinder
D:6:      layout_layer_cave, lemuel_doored_altar
D:7:      layout_basic, nicolae_overflow_crystal_walls, zin_treasury,
          nicolae_overflow_hidden_temple, uniq_harold
D:8:      layout_gridville, xom_shifter_show, hellmonk_ghost_happy_afterlife
D:9:      layout_long_grid, hangedman_fish_farm
D:10:     layout_basic
D:11:     layout_stronghold, erik_lair_dragon, orc_david_3, fedhas_altar_1
D:12:     layout_roguey, uniq_maurice
D:13:     layout_layer_cave
D:14:     layout_basic, skrybe_vaults_entry_preservation,
          nicolae_ru_the_path_less_chosen
D:15:     hangedman_depths_entry_civil_slaughter, layout_loops_corners,
          uniq_louise
Temple:   nicolae_temple_x_marks_the_god
Lair:1:   layout_chaotic_city, chequers_serial_rivers_room_a,
          hangedman_lair_generics_rect
Lair:2:   layout_regular_city, minmay_shoals_entry_beasts,
          cheibrodos_lair_caveside_slide, uniq_urug
Lair:3:   cheibrodos_lair_river_kwai, layout_cave_pods,
          minmay_snake_entry_guardpost_medium
Lair:4:   lemuel_slime, layout_loops_ring, wad_woods_river_01,
          infiniplex_staircase_pool
Lair:5:   layout_cave_pods, slime_altar_1
Shoals:1: layout_shoals, gammafunk_ghost_split, uniq_frances
Shoals:2: layout_shoals, uniq_donald, uniq_roxanne
Shoals:3: layout_shoals, nicolae_shoals_undead_eyrie
Snake:1:  layout_onion, ebering_ghost_gozag, st_stairs_4,
          hangedman_snake_pattern
Snake:2:  gammafunk_its_a_trap, layout_misc_corridors
Snake:3:  layout_concentric_octagons, drop_trap, uniq_kirke, uniq_mara,
          uniq_aizul
Snake:4:  snake_pit_salamanders_mu, layout_misc_corridors, serial_shops,
          nicolae_shop_waterfront, shop_statue, shop_fountains, shop_fountains,
          st_stairs_4, lemuel_fruit_tree, grunt_megastairs_4
Orc:1:    gammafunk_beogh_shrine, layout_caves, sword_in_stone, uniq_erica
Orc:2:    pf_orc_diabolical, layout_caves, serial_shops, shop_coins

Skill      XL: |  1  2  3  4  5  6  7  8  9 10 11 12 13 14 15 16 17 18 |
---------------+-------------------------------------------------------+-----
Maces & Flails | 3 4 5 7 8 11 12 14 16 | 16.0
Shields        | 4 5 6 7 9 10 11 12 14 18 20 21 | 21.7
Fighting       | 4 5 6 7 9 10 11 12 13 14 | 14.4
Armour         | 4 5 6 7 9 10 11 12 13 14 | 14.3
Invocations    | 4 5 7 8 9 10 | 10.0

Action                   |  1- 3 |  4- 6 |  7- 9 | 10-12 | 13-15 | 16-18 || total
-------------------------+-------+-------+-------+-------+-------+-------++-------
Melee: Flail             |   126 |   186 |   294 |   609 |  1154 |       ||  2369
       Eveningstar       |       |       |       |       |   473 |  1283 ||  1756
       Headbutt          |       |       |       |       |       |    95 ||    95
Throw: Dart              |       |       |       |       |    86 |    67 ||   153
Invok: Upheaval          |       |       |     3 |     2 |       |       ||     5
       Elemental Force   |       |       |       |       |     2 |     1 ||     3
       Disaster Area     |       |       |       |       |       |     1 ||     1
 Abil: Fly               |       |       |       |       |       |     1 ||     1
Evoke: Wand              |       |       |       |    22 |    25 |     6 ||    53
       Phial of floods   |       |       |       |       |       |     3 ||     3
  Use: Potion            |       |     1 |       |     2 |     3 |     9 ||    15
       Scroll            |       |       |     4 |     8 |    21 |    15 ||    48
 Stab: Distracted        |       |       |       |       |     1 |       ||     1
  Eat: Chunk             |     1 |     6 |    13 |    12 |    26 |    15 ||    73
       Ration            |       |       |       |     2 |     7 |     3 ||    12
Armor: Scale mail        |   104 |   109 |       |       |       |       ||   213
       Chain mail        |       |     3 |   123 |   119 |       |       ||   245
       Plate armour      |       |       |       |    85 |   555 |   545 ||  1185
Dodge: Dodged            |    54 |    55 |    45 |    72 |   299 |   202 ||   727
       Deflected         |       |       |       |       |    14 |    43 ||    57
Block: Shield            |    81 |   120 |   145 |   395 |  1431 |   469 ||  2641
       Large shield      |       |       |       |       |       |  1338 ||  1338

Table legend:
 A = Non-vault XP
 B = Vault XP
 C = Vault XP percentage of total XP
 D = Non-vault monster count
 E = Vault monster count
 F = Vault count percentage of total count
                 A         B        C        D         E       F
            +---------+---------+-------+---------+---------+-------
      Total |  162895 |  142752 |  46.7 |     735 |     281 |  27.7
            +---------+---------+-------+---------+---------+-------
        D:1 |      59 |       5 |   7.8 |      27 |       3 |  10.0
        D:2 |      71 |       0 |   0.0 |      18 |       0 |   0.0
        D:3 |     219 |     271 |  55.3 |      27 |       4 |  12.9
        D:4 |     417 |     173 |  29.3 |      17 |       1 |   5.6
        D:5 |     473 |       0 |   0.0 |      21 |       0 |   0.0
        D:6 |     967 |       0 |   0.0 |      33 |       0 |   0.0
        D:7 |    1356 |     997 |  42.4 |      30 |       1 |   3.2
        D:8 |     868 |     802 |  48.0 |      22 |       1 |   4.3
        D:9 |    3400 |     328 |   8.8 |      35 |       1 |   2.8
       D:10 |    2139 |     266 |  11.1 |      11 |       3 |  21.4
       D:11 |    6047 |    1013 |  14.3 |      38 |       8 |  17.4
       D:12 |    5731 |     480 |   7.7 |      42 |       1 |   2.3
       D:13 |    7632 |       0 |   0.0 |      37 |       0 |   0.0
       D:14 |    7613 |    4848 |  38.9 |      38 |       9 |  19.1
       D:15 |    8808 |    5858 |  39.9 |      27 |       6 |  18.2
     Lair:1 |    3630 |    1459 |  28.7 |      15 |       7 |  31.8
     Lair:2 |    8853 |    1592 |  15.2 |      33 |       3 |   8.3
     Lair:3 |    2911 |    3434 |  54.1 |      13 |      14 |  51.9
     Lair:4 |    3212 |     665 |  17.2 |      13 |      23 |  63.9
     Lair:5 |    7433 |       0 |   0.0 |      21 |       0 |   0.0
   Shoals:1 |    8311 |    8497 |  50.6 |      17 |       8 |  32.0
   Shoals:2 |   10033 |    4103 |  29.0 |      26 |       2 |   7.1
   Shoals:3 |    6343 |     869 |  12.0 |      13 |       3 |  18.8
    Snake:1 |   11037 |    9484 |  46.2 |      19 |      10 |  34.5
    Snake:2 |   21041 |    5071 |  19.4 |      36 |       7 |  16.3
    Snake:3 |   13394 |   13094 |  49.4 |      24 |       6 |  20.0
    Snake:4 |   17030 |   51159 |  75.0 |      35 |      71 |  67.0
      Orc:1 |    1955 |   14372 |  88.0 |      20 |      30 |  60.0
      Orc:2 |    1912 |   13912 |  87.9 |      27 |      59 |  68.6
            +---------+---------+-------+---------+---------+-------
